 Dungeon Crawl Stone Soup version 0.30.1-3-gfc49f6343a (webtiles) character file.

Game seed: 7958306984108945569

144545 FishyPogo the Fey Gnoll (level 17, 0/135 HPs)
             Began as a Gnoll Ice Elementalist on Aug 4, 2023.
             Was an Initiate of Yredelemnul.
             Slain by a +1 short sword of flaming (3 damage)
             ... animated by Zenata
             ... on level 2 of the Elven Halls.
             The game lasted 03:25:55 (24962 turns).

FishyPogo the Fey Gnoll (Gnoll Ice Elementalist)   Turns: 24962, Time: 03:26:25

Health: 0/135      AC: 15    Str:  9    XL:     17   Next: 40%
Magic:  5/34       EV: 19    Int: 24    God:    Yredelemnul [......]
Gold:   1647       SH:  2    Dex: 14    Spells: 3/42 levels left

rFire   . . .        b - +8 frozen axe "Frostbite" {freeze, freezing cloud, *Noise Fly rC+}
rCold   + + .        (shield currently unavailable)
rNeg    + + .        v - +3 leather armour of Umnoqev {Int+6}
rPois   .            V - +2 hat
rElec   .            T - scarf {repulsion}
rCorr   .            (no gloves)
SInv    .            e - +2 pair of boots
Will    +....        i - amulet of regeneration
Stlth   +++++        Z - ring of the Octopus King {rC+ HP+2 AC+2 EV+2 SH+2}
HPRegen 1.22/turn    u - ring "Ruityen" {rN++ Slay+4}
MPRegen 0.24/turn

%: repel missiles
@: about to teleport, flying
A: fangs 1, strong nose, distributed training, dopey 1
a: Renounce Religion, Recall Undead Harvest


You were on level 2 of the Elven Halls.
You worshipped Yredelemnul.
Yredelemnul was pleased with you.
You visited 5 branches of the dungeon, and saw 25 of its levels.
You also visited: Bailey and Ice Cave.

You collected 2966 gold pieces.
You spent 1319 gold pieces at shops.

Inventory:

Hand Weapons
 a - the +9 whip "Nupudgh" {drain, rC+ rCorr Str-3}
   (You bought it in a shop on level 3 of the Dungeon)

   Str:       It affects your strength (-3).
   rC:        It protects you from cold.
   rCorr:     It protects you from acid and corrosion.
 b - the +8 frozen axe "Frostbite" (weapon) {freeze, freezing cloud, *Noise Fly rC+}
   (You found it on level 12 of the Dungeon)

   rC:        It protects you from cold.
   Fly:       It grants you flight.
   *Noise:    It may make noises in combat.
 W - the +2 spear of Victory {venom, rCorr Dex+3}
   (You found it on level 11 of the Dungeon)

   Dex:       It affects your dexterity (+3).
   rCorr:     It protects you from acid and corrosion.
Missiles
 c - 54 poisoned darts (quivered)
 p - 33 boomerangs
 r - 7 javelins
 s - 2 curare-tipped darts
 O - a throwing net
Armour
 e - a +2 pair of boots (worn)
 v - the +3 leather armour of Umnoqev (worn) {Int+6}
   (You found it in a bailey)

   Int:       It affects your intelligence (+6).
 T - a scarf of repulsion (worn)
 V - a +2 hat (worn)
Magical Staves
 j - a staff of cold
 J - a staff of earth
Jewellery
 i - an amulet of regeneration (around neck)
 u - the ring "Ruityen" (right hand) {rN++ Slay+4}
   (You acquired it on level 1 of the Elven Halls)

   [ring of slaying]

   Slay:      It affects your accuracy & damage with ranged weapons and melee
   (+4).
   rN:        It greatly protects you from negative energy.
 I - a ring of protection from fire
 K - a ring of see invisible
 Z - a ring of the Octopus King (left hand) {rC+ HP+2 AC+2 EV+2 SH+2}
   (You acquired it on level 11 of the Dungeon)

   [ring of protection from cold]

   AC:        It affects your AC (+2).
   EV:        It affects your evasion (+2).
   rC:        It protects you from cold.
   HP:        It affects your health (+2).
   SH:        It affects your SH (+2).
Wands
 m - a wand of light (6)
 o - a wand of digging (1)
 z - a wand of polymorph (6)
 C - a wand of roots (27)
 D - a wand of mindburst (5)
 S - a wand of paralysis (4)
Scrolls
 d - a scroll of butterflies
 f - 2 scrolls of silence
 h - 6 scrolls of immolation
 k - 6 scrolls of fear
 n - 7 scrolls of teleportation
 y - 3 scrolls of vulnerability
 E - a scroll of torment
 G - 5 scrolls of poison
 H - 2 scrolls of magic mapping
 L - 2 scrolls of blinking
 Q - 2 scrolls of enchant armour
 Y - a scroll of fog
Potions
 g - 8 potions of flight
 l - 5 potions of curing
 q - 6 potions of might
 t - 8 potions of invisibility
 w - 6 potions of magic
 x - a potion of cancellation {unknown}
 A - 3 potions of ambrosia
 F - 6 potions of attraction
 P - a potion of resistance
 U - 5 potions of lignification
 X - a potion of berserk rage


   Skills:
 + Level 12.0 Fighting
 + Level 12.0 Short Blades
 + Level 12.0 Long Blades
 + Level 12.0 Axes
 + Level 12.0 Maces & Flails
 + Level 12.0 Polearms
 + Level 12.0 Staves
 + Level 12.0 Ranged Weapons
 + Level 12.0 Throwing
 + Level 12.0 Armour
 + Level 12.8 Dodging
 + Level 12.7 Stealth
 + Level 12.0 Shields
 + Level 12.0 Unarmed Combat
 + Level 13.0 Spellcasting
 + Level 10.2 Conjurations
 + Level 10.2 Hexes
 + Level 10.2 Summonings
 + Level 10.2 Necromancy
 + Level 10.2 Translocations
 + Level 10.2 Transmutations
 + Level 10.2 Fire Magic
 + Level 12.3 Ice Magic
 + Level 10.2 Air Magic
 + Level 10.2 Earth Magic
 + Level 10.2 Poison Magic
 + Level 13.0 Invocations
 + Level 12.0 Evocations


You had 3 spell levels left.
You knew the following spells:

 Your Spells              Type           Power      Damage    Failure   Level
a - Plasma Beam           Fire/Air       29%        2x1d46    12%         6
b - Frozen Ramparts       Ice            100%       1d16      1%          3
c - Summon Guardian Gole  Hex/Summ       59%        N/A       1%          3
d - Momentum Strike       Conj/Tloc      100%       3d10      1%          2
e - Summon Lightning Spi  Summ/Air       59%        N/A       1%          4
f - Eringya's Noxious Bo  Tmut/Pois      29%        N/A       12%         6
h - Blink                 Tloc           100%       N/A       1%          2
j - Summon Cactus Giant   Summ           29%        N/A       12%         6
k - Summon Ice Beast      Ice/Summ       63%        N/A       1%          4
l - Ozocubu's Armour      Ice            66%        N/A       1%          3

Your spell library contained the following spells:

 Spells                   Type           Power      Damage    Failure   Level
 Foxfire                  Conj/Fire      100%       2x1d9     1%          1
 Freeze                   Ice            100%       1d10      1%          1
 Kiss of Death            Conj/Necr      100%       2d13      1%          1
 Summon Small Mammal      Summ           100%       N/A       1%          1
 Lesser Beckoning         Tloc           100%       N/A       1%          2
 Scorch                   Fire           100%       2d9       1%          2
 Call Canine Familiar     Summ           59%        N/A       1%          3
 Stone Arrow              Conj/Erth      100%       3d13      1%          3
 Animate Armour           Summ/Erth      100%       N/A       1%          4
 Flame Wave               Conj/Fire      59%        2d14      1%          4
 Alistair's Intoxication  Tmut/Pois      39%        N/A       1%          5
 Blade Hands              Tmut           29%        N/A       1%          5
 Borgnjor's Vile Clutch   Necr/Erth      29%        N/A       1%          5
 Fireball                 Conj/Fire      29%        3d13      1%          5
 Iron Shot                Conj/Erth      29%        9d6       12%         6
 Starburst                Conj/Fire      29%        6d9       12%         6
 Ozocubu's Refrigeration  Ice            33%        4d14      26%         7
 Storm Form               Tmut/Air       29%        N/A       54%         7
 Lehudib's Crystal Spear  Conj/Erth      29%        10d8      99%         8
 Maxwell's Capacitive Co  Air            29%        ∞         99%         8
 Polar Vortex             Ice            33%        N/A       100%        9
 Simulacrum               Ice/Necr       Unusable   N/A       N/A         6

Dungeon Overview and Level Annotations

Branches:
Dungeon (15/15) Temple (0/1) D:6 Lair (5/5) D:10 Shoals (0/4) Lair:3 Spider (0/4) Lair:2 Slime (0/5) Lair:5 Orc (2/2) D:12 Elf (2/3) Orc:2 Vaults (0/5) D:12 D:13 Depths (1/4) D:15 Bailey (visited) IceCv (visited)

Altars:
Ashenzari
Elyvilon
Gozag
Makhleb
Nemelex Xobeh
Okawaru
Ru
Sif Muna
Uskayaw
Vehumet
Wu Jian
Xom
Yredelemnul
The Shining One
Jiyva
Lugonu

Shops:
D:3 :(([   D:15 :   Orc:2 [(([(   Elf:2 !

Portals:
Abyss: Lair:5

Annotations:
Elf:2 Zenata


Innate Abilities, Weirdness & Mutations

You have very sharp teeth.
Your uncanny sense of smell can sniff out nearby items.
Your experience applies equally to all skills.
You are dopey. (Int -2)


Message History

Unknown command.
Unknown command.
There's nothing to close nearby.
Aiming: Mindburst
Press: ? - help, Shift-Dir - straight line, f/p - Zenata
Aim: Zenata, wielding a +3 triple sword of freezing and wearing a +0 ring mail (almost dead, constricted by roots, chance to affect: 34%) Zenata easily resists.
The grasping roots constrict Zenata!
The grasping roots constrict the +0 scimitar of holy wrath.
The +0 scimitar of holy wrath struggles to escape constriction.
The +0 trident of freezing misses you. The +5 halberd hits you from afar!
The +0 scimitar of holy wrath struggles to escape constriction.
The +0 trident of freezing barely misses you.
The +5 halberd hits you from afar!
The +1 short sword of flaming hits you but does no damage.
Unknown command.
As you read the scroll of teleportation, it crumbles to dust.
You feel strangely unstable.
The grasping roots constrict Zenata!
The grasping roots constrict the +0 scimitar of holy wrath.
The roots release their grip on Zenata.
The +1 short sword of flaming hits you but does no damage.
The +0 trident of freezing hits you!
You block the +6 glaive of venom's attack.
The +5 halberd misses you. The +1 short sword of flaming hits you.
The +1 short sword of flaming burns you.
The +0 trident of freezing completely misses you.
The +6 glaive of venom hits you from afar!!
* * * LOW HITPOINT WARNING * * *
You are poisoned.
The +5 halberd hits you from afar!!
* * * LOW HITPOINT WARNING * * *
You block the +1 short sword of flaming's attack.
Unknown command.
You feel better.
The grasping roots constrict the +0 scimitar of holy wrath!!
The +0 trident of freezing barely misses you.
The +1 short sword of flaming hits you.
* * * LOW HITPOINT WARNING * * *
The +1 short sword of flaming burns you.
You die...
Your body rises from the dead as a mindless zombie.

#.# #.# ###
########(#########
........((@......#
##....((######.#
##...a(# . #....##
#. ##.### #.
#..... .# ##..###.
##. #)#.# # ..##
##)#.###.#


You could see Zenata and 6 dancing weapons.

Vanquished Creatures
  A frost giant (IceCv)
  A stone giant (D:15)
  Nessos (D:13)
  Azrael (D:13)
  A white draconian (IceCv)
  Snorg (D:14)
  An ettin (Orc:1)
  A deep elf high priest (Elf:2)
  3 ice dragons (IceCv)
  2 catoblepae
  4 hydras
  5 centaur warriors
  4 ironbound frosthearts (IceCv)
  9 death yaks (Lair:5)
  A dancing weapon (Elf:1)
  5 tengu warriors
  A deep troll shaman (D:15)
  A death knight (D:15)
  3 boulder beetles
  4 two-headed ogres
  3 orc high priests
  3 thrashing horrors (Lair:5)
  Urug (D:13)
  4 deep elf knights
  3 skysharks
  A wizard (D:15)
  A deep troll (D:15)
  5 deep elf archers (Elf:1)
  4 orc knights
  An ugly thing zombie (IceCv)
  17 deep elf pyromancers
  4 manticores
  11 deep elf zephyrmancers
  23 ugly things
  5 orc sorcerers
  A cyclops (shapeshifter) (Elf:1)
  6 cyclopes
  9 elephants
  A merfolk siren (Lair:3)
  2 smoke demons (Lair:5)
  3 black mambas
  4 cane toads
  2 torpor snails (Lair:1)
  An unseen horror (D:11)
  5 komodo dragons
  10 rime drakes (IceCv)
  3 kobold demonologists
  2 freezing wraiths
  An ancient zyme (Lair:5)
  An ice devil (D:12)
  3 trolls
  9 polar bears
  A polar bear (shapeshifter) (D:15)
  10 blink frogs
  A merfolk (Lair:3)
  5 dream sheep (Lair:5)
  A culicivora (shapeshifter) (Elf:1)
  A ynoxinul (Lair:5)
  2 vampires
  2 spriggans
  Sigmund (D:2)
  2 shadows (D:10)
  6 fire elementals
  5 slime creatures (D:15)
  A centaur simulacrum (D:11)
  35 yaks
  3 air elementals
  6 wyverns
  3 water elementals
  2 wraiths
  15 humans
  A large abomination (Lair:5)
  6 basilisks
  A steam dragon (D:10)
  Menkaure (D:7)
  A chaos spawn (Lair:5)
  3 wargs (Orc:2)
  An acid dragon (D:10)
  13 water moccasins
  2 hell hounds (D:13)
  A nameless horror (D:14)
  7 small abominations (Lair:5)
  32 orc warriors
  A black bear (D:5)
  A sky beast (D:7)
  2 elf zombies (Elf:1)
  A meliai simulacrum (D:11)
  5 ogres
  2 centaurs
  3 phantoms (D:4)
  8 wolves
  6 kobold brigands
  6 bullfrogs
  5 scorpions
  A gnoll sergeant (D:11)
  7 wights
  Dowan (D:5)
  A yak zombie (Lair:2)
  4 killer bees
  2 electric eels (Bailey)
  3 howler monkeys
  2 hounds
  10 jellies
  23 orc priests
  2 iron imps (D:3)
  A sleepcap (D:6)
  17 orc wizards
  2 hell rats (Lair:4)
  7 gnolls
  7 adders
  7 white imps
  4 ufetubi
  A human zombie (D:2)
  5 dart slugs
  90 orcs
  2 ball pythons
  5 bats
  10 endoplasms
  4 giant cockroaches
  18 goblins
  14 hobgoblins
  10 jackals
  2 quokkas
  An endoplasm zombie (D:2)
  3 frilled lizards
  36 kobolds
  An orc zombie (D:2)
  6 rats
719 creatures vanquished.

Vanquished Creatures (collateral kills)
  Saint Roka (Orc:2)
  A deep elf sorcerer (Elf:1)
  A frost giant (IceCv)
  Josephine (Orc:2)
  2 ice dragons (IceCv)
  4 ironbound frosthearts (IceCv)
  2 two-headed ogres
  A boulder beetle (D:12)
  2 death yaks
  A thrashing horror (Lair:5)
  An orange crystal statue (IceCv)
  2 deep elf pyromancers
  3 deep elf zephyrmancers
  5 ugly things
  An orc sorcerer (Bailey)
  9 elephants
  A cane toad (shapeshifter) (Lair:5)
  4 cane toads
  2 komodo dragons
  A rime drake (IceCv)
  An ice devil (D:12)
  2 meliai (D:14)
  2 polar bears
  7 blink frogs
  A dream sheep (Lair:5)
  5 small abominations (Lair:5)
  A vampire (D:12)
  A spriggan (Lair:5)
  2 wraiths (Orc:2)
  11 yaks
  3 basilisks (Lair:5)
  2 chaos spawn (Lair:5)
  A human (D:12)
  2 wargs
  4 water moccasins
  Duvessa (D:5)
  An ice beast (D:11)
  12 orc warriors
  A black bear (D:5)
  An ogre (Orc:2)
  2 wolves
  2 bullfrogs
  3 killer bees (D:10)
  3 electric eels
  2 nameless horrors
  3 jellies (Lair:5)
  2 orc priests
  An iron imp (D:3)
  5 orc wizards
  2 hell rats (Lair:4)
  An adder (D:3)
  2 orc zombies
  6 white imps
  A worm (D:2)
  20 orcs
  2 ball pythons
  2 giant cockroaches (Lair:2)
  2 goblins
  A hobgoblin (D:2)
  A quokka (D:5)
  A kobold (D:3)
170 creatures vanquished.

Vanquished Creatures (others)
  A deep elf annihilator (Elf:1)
  A dancing weapon (Elf:1)
  A deep elf knight (Elf:1)
  A deep elf archer (Elf:2)
  2 ugly thing zombies (D:14)
  A deep elf zephyrmancer (Elf:1)
  A frost giant zombie (IceCv)
  3 death yak zombies (Lair:5)
  A freezing wraith (D:12)
  A meliai (D:14)
  3 human zombies (IceCv)
  A spectral ice devil (D:12)
  2 two-headed ogre zombies
  12 elf zombies
  4 dream sheep zombies (Lair:5)
  3 blink frog zombies (Lair:5)
  5 elephant zombies
  5 rime drake zombies (IceCv)
  A spectral chaos spawn (Lair:5)
  A cyclops zombie (Elf:1)
  A hell hound zombie (D:13)
  4 water moccasin zombies
  A wyvern zombie (Lair:4)
  3 warg zombies
  2 polar bear zombies (IceCv)
  2 troll zombies
  10 yak zombies
  5 wolf zombies
  2 bullfrog zombies
  4 basilisk zombies (Lair:5)
  2 scorpion zombies
  An ogre zombie (Orc:2)
  A howler monkey zombie (D:8)
  An adder zombie (D:2)
  4 jelly zombies
  6 spectral white imps
  An orc (Bailey)
  2 bat zombies
  4 gnoll zombies
  A dart slug zombie (D:2)
  An endoplasm zombie (D:2)
  2 giant cockroach zombies
  5 goblin zombies
  3 hobgoblin zombies
  3 jackal zombies
  8 kobold zombies
  58 orc zombies
  2 spectral ufetubi (D:11)
189 creatures vanquished.

Grand Total: 1078 creatures vanquished

Notes
Turn   | Place    | Note
-------+----------+-------------------------------------------
     0 | D:1      | FishyPogo the Gnoll Ice Elementalist began the quest for
                  | the Orb.
     0 | D:1      | Reached XP level 1. HP: 13/13 MP: 6/6
    96 | D:1      | Reached XP level 2. HP: 13/19 MP: 4/7
   448 | D:1      | Reached skill level 5 in Spellcasting
   448 | D:1      | Reached XP level 3. HP: 20/25 MP: 5/9
   538 | D:1      | Reached skill level 1 in Invocations
   593 | D:1      | Found a faded altar of an unknown god.
   607 | D:1      | Prayed at the altar of an unknown god.
   607 | D:1      | Became a worshipper of Yredelemnul the Dark
   607 | D:1      | Reached * piety under Yredelemnul
   708 | D:1      | Reached skill level 1 in Fighting
   708 | D:1      | Reached skill level 1 in Short Blades
   708 | D:1      | Reached skill level 1 in Long Blades
   708 | D:1      | Reached skill level 1 in Axes
   708 | D:1      | Reached skill level 1 in Maces & Flails
   708 | D:1      | Reached skill level 1 in Polearms
   708 | D:1      | Reached skill level 1 in Staves
   708 | D:1      | Reached skill level 1 in Ranged Weapons
   708 | D:1      | Reached skill level 1 in Throwing
   708 | D:1      | Reached skill level 1 in Armour
   708 | D:1      | Reached skill level 1 in Shields
   708 | D:1      | Reached skill level 1 in Unarmed Combat
   708 | D:1      | Reached skill level 1 in Evocations
   775 | D:2      | Noticed Sigmund
   791 | D:2      | Reached XP level 4. HP: 27/32 MP: 8/11
  1021 | D:2      | Killed Sigmund
  1022 | D:2      | Reached skill level 1 in Conjurations
  1022 | D:2      | Reached skill level 1 in Hexes
  1022 | D:2      | Reached skill level 1 in Summonings
  1022 | D:2      | Reached skill level 1 in Necromancy
  1022 | D:2      | Reached skill level 1 in Translocations
  1022 | D:2      | Reached skill level 1 in Transmutations
  1022 | D:2      | Reached skill level 1 in Fire Magic
  1022 | D:2      | Reached skill level 1 in Air Magic
  1022 | D:2      | Reached skill level 1 in Earth Magic
  1022 | D:2      | Reached skill level 1 in Poison Magic
  1022 | D:2      | Reached XP level 5. HP: 15/38 MP: 8/12
  1022 | D:2      | Reached XP level 6. HP: 17/44 MP: 8/13
  1031 | D:2      | Learned a level 3 spell: Frozen Ramparts
  1035 | D:2      | Learned a level 3 spell: Ozocubu's Armour
  1040 | D:2      | Learned a level 4 spell: Summon Ice Beast
  1114 | D:2      | Reached skill level 5 in Dodging
  1480 | D:2      | Reached ** piety under Yredelemnul
  1728 | D:3      | Found Qiewytt's Armour Shoppe.
  1756 | D:3      | Learned a level 3 spell: Summon Guardian Golem
  1796 | D:3      | Found Haxiseab's Antique Weapon Shoppe.
  2001 | D:3      | Found an opulent altar of Gozag.
  2005 | D:3      | Noticed a nameless horror
  2022 | D:3      | Killed a nameless horror
  2136 | D:3      | Found a burning altar of Makhleb.
  2167 | D:3      | Reached XP level 7. HP: 47/50 MP: 9/15
  2262 | D:3      | Found Vurog's Antique Weapon Emporium.
  2277 | D:3      | Found Enlousah's Book Shop.
  2437 | D:4      | Found a radiant altar of Vehumet.
  2544 | D:5      | Entered Level 5 of the Dungeon
  2546 | D:5      | Found a hide-covered altar of Uskayaw.
  2701 | D:3      | Bought a crude whip for 180 gold pieces
  2701 | D:3      | Identified the +9 whip "Nupudgh" {drain, rC+ rCorr Str-3}
                  | (You bought it in a shop on level 3 of the Dungeon)
  2833 | D:4      | Reached skill level 5 in Stealth
  3167 | D:4      | Reached XP level 8. HP: 52/58 MP: 16/16
  3293 | D:4      | Found a large runed translucent door.
  3293 | D:4      | Found a large runed translucent door.
  3293 | D:4      | Found a shimmering altar of Xom.
  3855 | D:5      | Noticed Duvessa
  3855 | D:5      | Noticed Dowan
  3862 | D:5      | Killed Duvessa
  3863 | D:5      | Killed Dowan
  4377 | D:5      | Found a white marble altar of Elyvilon.
  4555 | D:5      | Found a glowing golden altar of the Shining One.
  4700 | D:6      | Reached XP level 9. HP: 65/65 MP: 14/18
  4726 | D:6      | Found a broken altar of Ashenzari.
  4893 | D:6      | Found an ornate altar of the Wu Jian Council.
  5309 | D:6      | Found a staircase to the Ecumenical Temple.
  5589 | D:7      | Found a shimmering blue altar of Sif Muna.
  5607 | D:7      | Noticed Menkaure
  5616 | D:7      | Killed Menkaure
  5617 | D:7      | Reached skill level 5 in Invocations
  6724 | D:8      | Reached skill level 5 in Fighting
  6724 | D:8      | Reached skill level 5 in Short Blades
  6724 | D:8      | Reached skill level 5 in Long Blades
  6724 | D:8      | Reached skill level 5 in Axes
  6724 | D:8      | Reached skill level 5 in Maces & Flails
  6724 | D:8      | Reached skill level 5 in Polearms
  6724 | D:8      | Reached skill level 5 in Staves
  6724 | D:8      | Reached skill level 5 in Ranged Weapons
  6724 | D:8      | Reached skill level 5 in Throwing
  6724 | D:8      | Reached skill level 5 in Armour
  6724 | D:8      | Reached skill level 5 in Shields
  6724 | D:8      | Reached skill level 5 in Unarmed Combat
  6724 | D:8      | Reached skill level 5 in Evocations
  6724 | D:8      | Reached XP level 10. HP: 74/74 MP: 17/20
  6790 | D:8      | Found a flagged portal.
  6800 | Bailey   | Entered a bailey
  6917 | Bailey   | Noticed an orc knight
  6945 | Bailey   | Killed an orc knight
  7094 | Bailey   | Noticed a kobold demonologist
  7099 | Bailey   | Noticed an orc knight
  7109 | Bailey   | Found an iron altar of Okawaru.
  7109 | Bailey   | Noticed an orc sorcerer
  7115 | Bailey   | Noticed a rust devil
  7187 | Bailey   | Killed an orc knight
  7280 | Bailey   | Identified the +3 leather armour of Umnoqev {Int+6}
  7306 | Bailey   | Noticed a rust devil
  7308 | Bailey   | Killed a kobold demonologist
  7457 | Bailey   | Reached skill level 5 in Conjurations
  7457 | Bailey   | Reached skill level 5 in Hexes
  7457 | Bailey   | Reached skill level 5 in Summonings
  7457 | Bailey   | Reached skill level 5 in Necromancy
  7457 | Bailey   | Reached skill level 5 in Translocations
  7457 | Bailey   | Reached skill level 5 in Transmutations
  7457 | Bailey   | Reached skill level 5 in Fire Magic
  7457 | Bailey   | Reached skill level 5 in Air Magic
  7457 | Bailey   | Reached skill level 5 in Earth Magic
  7457 | Bailey   | Reached skill level 5 in Poison Magic
  7458 | Bailey   | Killed an orc sorcerer
  7459 | Bailey   | Reached XP level 11. HP: 63/81 MP: 12/23
  7925 | D:8      | Found a sacrificial altar of Ru.
  8089 | D:8      | Found an iron altar of Okawaru.
  8689 | D:9      | Learned a level 2 spell: Blink
  8693 | D:9      | Learned a level 2 spell: Momentum Strike
  8993 | D:9      | Reached *** piety under Yredelemnul
  9175 | D:9      | Noticed a two-headed ogre
  9183 | D:9      | Killed a two-headed ogre
  9302 | D:10     | Entered Level 10 of the Dungeon
  9302 | D:10     | Noticed a two-headed ogre
  9345 | D:10     | Found a sparkling altar of Nemelex Xobeh.
  9521 | D:10     | Killed a two-headed ogre
  9940 | D:10     | Found a staircase to the Lair.
 10292 | D:11     | Noticed a cyclops
 10295 | D:11     | Acquired a ring of the Octopus King {rC+ HP+2 AC+2 EV+2
                  | SH+2}
 10295 | D:11     | Found the ring of the Octopus King {rC+ HP+2 AC+2 EV+2
                  | SH+2}
 10303 | D:11     | Killed a cyclops
 10314 | D:11     | Learned a level 4 spell: Summon Lightning Spire
 10498 | D:11     | Noticed a two-headed ogre
 10506 | D:11     | Killed a two-headed ogre
 10513 | D:11     | Reached XP level 12. HP: 91/91 MP: 16/24
 10656 | D:11     | Noticed a death yak
 10661 | D:11     | Killed a death yak
 11033 | D:11     | Identified the +2 spear of Victory {venom, rCorr Dex+3}
 11466 | D:12     | Gained mutation: You are agile. (Dex +4, Str/Int -1)
                  | [potion of mutation]
 11466 | D:12     | Gained mutation: You have a pair of small horns on your
                  | head. [potion of mutation]
 11467 | D:12     | Lost mutation: You are agile. (Dex +4, Str/Int -1) [potion
                  | of mutation]
 11467 | D:12     | Lost mutation: You have a pair of small horns on your head.
                  | [potion of mutation]
 11467 | D:12     | Gained mutation: Your movements are slightly less
                  | encumbered by armour. (ER -2) [potion of mutation]
 11467 | D:12     | Gained mutation: You have sharp toenails. [potion of
                  | mutation]
 11467 | D:12     | Gained mutation: You are covered in fur. (AC +1) [potion of
                  | mutation]
 11657 | D:12     | Found a staircase to the Orcish Mines.
 11676 | D:12     | Noticed a boulder beetle
 11677 | D:12     | Noticed a two-headed ogre
 11691 | D:12     | Killed a two-headed ogre
 11699 | D:12     | Killed a boulder beetle
 11813 | D:12     | Found the +8 frozen axe "Frostbite" {freeze, freezing
                  | cloud, *Noise Fly rC+}
 12513 | D:13     | Noticed Urug
 12513 | D:13     | Noticed Nessos
 12513 | D:13     | Noticed a centaur warrior
 12513 | D:13     | Noticed a two-headed ogre
 12513 | D:13     | Found a gate to the Vaults.
 12628 | Lair:1   | Entered Level 1 of the Lair of Beasts
 12926 | Lair:1   | Reached XP level 13. HP: 98/98 MP: 23/26
 13162 | Lair:1   | Reached skill level 10 in Ice Magic
 13163 | Lair:1   | Reached **** piety under Yredelemnul
 13215 | Lair:1   | Reached ***** piety under Yredelemnul
 13642 | Lair:2   | Reached ****** piety under Yredelemnul
 13826 | Lair:2   | Reached skill level 10 in Spellcasting
 13850 | Lair:2   | Found a hole to the Spider Nest.
 14271 | Lair:3   | Reached skill level 10 in Dodging
 14741 | Lair:3   | Found a staircase to the Shoals.
 15298 | Lair:4   | Reached skill level 10 in Stealth
 15517 | Lair:4   | Reached XP level 14. HP: 97/108 MP: 28/28
 15549 | Lair:4   | Reached skill level 10 in Invocations
 15999 | Lair:5   | Entered Level 5 of the Lair of Beasts
 16076 | Lair:5   | Learned a level 6 spell: Eringya's Noxious Bog
 16617 | Lair:5   | Found a corrupted altar of Lugonu.
 16617 | Lair:5   | Found a one-way gate to the infinite horrors of the Abyss.
 16793 | Lair:5   | Identified the +1 dagger "Hiuh" {flame, rElec}
 16891 | Lair:5   | Reached skill level 10 in Fighting
 16891 | Lair:5   | Reached skill level 10 in Short Blades
 16891 | Lair:5   | Reached skill level 10 in Long Blades
 16891 | Lair:5   | Reached skill level 10 in Axes
 16891 | Lair:5   | Reached skill level 10 in Maces & Flails
 16891 | Lair:5   | Reached skill level 10 in Polearms
 16891 | Lair:5   | Reached skill level 10 in Staves
 16891 | Lair:5   | Reached skill level 10 in Ranged Weapons
 16891 | Lair:5   | Reached skill level 10 in Throwing
 16891 | Lair:5   | Reached skill level 10 in Armour
 16891 | Lair:5   | Reached skill level 10 in Shields
 16891 | Lair:5   | Reached skill level 10 in Unarmed Combat
 16891 | Lair:5   | Reached skill level 10 in Evocations
 16912 | Lair:5   | Reached XP level 15. HP: 60/115 MP: 25/30
 17035 | Lair:5   | Found a viscous altar of Jiyva.
 17035 | Lair:5   | Found a staircase to the Slime Pits.
 17397 | Orc:1    | Entered Level 1 of the Orcish Mines
 17715 | Orc:2    | Entered Level 2 of the Orcish Mines
 17715 | Orc:2    | Noticed Josephine
 17753 | Orc:2    | Found a staircase to the Elven Halls.
 17935 | Orc:2    | Killed Josephine
 17973 | Orc:2    | Found Vasit's Antique Armour Emporium.
 18526 | Orc:2    | Found Cigidos's Weapon Shoppe.
 18666 | Orc:2    | Noticed Saint Roka
 18703 | Orc:2    | HP: 4/178 [Saint Roka/+2 broad axe of flaming (21)]
 18703 | Orc:2    | HP: 1/178 [Saint Roka/+2 broad axe of flaming (3)]
 18708 | Orc:2    | Killed Saint Roka
 18813 | Orc:2    | Found Intafu's Antique Armour Shop.
 18816 | Orc:2    | Found Moics's Antique Weapon Boutique.
 18994 | Orc:2    | Found Cedeuxe's Antique Weapon Shoppe.
 19011 | Orc:2    | Bought a dazzling great mace for 414 gold pieces
 19011 | Orc:2    | Identified the +8 great mace of Disorder {venom, Dex+2}
                  | (You bought it in a shop on level 2 of the Orcish Mines)
 19011 | Orc:2    | Acquired a ring of see invisible
 19072 | Orc:2    | Acquired 715 gold pieces
 19207 | D:13     | Killed Urug
 19215 | D:13     | Killed Nessos
 19628 | D:13     | Noticed Azrael
 19643 | D:13     | Killed Azrael
 20063 | D:15     | Entered Level 15 of the Dungeon
 20109 | D:15     | Found a staircase to the Depths.
 20275 | D:15     | Reached XP level 16. HP: 101/124 MP: 26/32
 20463 | D:15     | Found Yleplisa's Book Emporium.
 20502 | D:15     | Learned a level 6 spell: Summon Cactus Giant
 21035 | D:14     | Lost mutation: You have sharp toenails. [potion of
                  | mutation]
 21035 | D:14     | Lost mutation: You are covered in fur. (AC +1) [potion of
                  | mutation]
 21035 | D:14     | Lost mutation: Your movements are slightly less encumbered
                  | by armour. (ER -2) [potion of mutation]
 21035 | D:14     | Gained mutation: You have a pair of small antennae on your
                  | head. [potion of mutation]
 21035 | D:14     | Gained mutation: Armour fits poorly on your strangely
                  | shaped body. [potion of mutation]
 21573 | D:14     | Noticed Snorg
 21579 | D:14     | Killed Snorg
 21583 | D:14     | Your ally Snorg died
 22140 | Orc:2    | Bought a twisted ring mail for 261 gold pieces
 22140 | Orc:2    | Identified the +0 ring mail of the Lily {Str+4} (You bought
                  | it in a shop on level 2 of the Orcish Mines)
 22140 | Orc:2    | Bought a smoking scale mail for 261 gold pieces
 22140 | Orc:2    | Identified the +0 scale mail "Xon Ytuo" {Harm rElec Str+2}
                  | (You bought it in a shop on level 2 of the Orcish Mines)
 22140 | Orc:2    | Bought an embroidered hat for 203 gold pieces
 22319 | Depths:1 | Entered Level 1 of the Depths
 22319 | Depths:1 | Noticed a lich
 22407 | Elf:1    | Entered Level 1 of the Elven Halls
 22517 | Orc:2    | Learned a level 4 spell: Flame Wave
 22697 | Elf:1    | Found a frozen archway.
 22704 | IceCv    | Entered an ice cave
 23412 | IceCv    | Learned a level 6 spell: Plasma Beam
 23420 | IceCv    | Reached XP level 17. HP: 125/133 MP: 14/33
 23767 | Elf:1    | Reached skill level 10 in Conjurations
 23767 | Elf:1    | Reached skill level 10 in Hexes
 23767 | Elf:1    | Reached skill level 10 in Summonings
 23767 | Elf:1    | Reached skill level 10 in Necromancy
 23767 | Elf:1    | Reached skill level 10 in Translocations
 23767 | Elf:1    | Reached skill level 10 in Transmutations
 23767 | Elf:1    | Reached skill level 10 in Fire Magic
 23767 | Elf:1    | Reached skill level 10 in Air Magic
 23767 | Elf:1    | Reached skill level 10 in Earth Magic
 23767 | Elf:1    | Reached skill level 10 in Poison Magic
 24087 | Elf:1    | Paralysed by an air elemental for 1 turns
 24357 | Elf:1    | Got Sif Muna's Textbook on the Salvo and Accomplices
 24403 | Elf:1    | Lost mutation: You have a pair of small antennae on your
                  | head. [potion of mutation]
 24403 | Elf:1    | Lost mutation: Armour fits poorly on your strangely shaped
                  | body. [potion of mutation]
 24403 | Elf:1    | Gained mutation: You are dopey. (Int -2) [potion of
                  | mutation]
 24683 | Elf:1    | Acquired the ring "Ruityen" {rN++ Slay+4}
 24917 | Elf:2    | Found Yckuunt's Distillery.
 24921 | Elf:2    | Noticed Zenata
 24961 | Elf:2    | HP: 3/135 [+5 halberd[Zenata] (23)]
 24962 | Elf:2    | Slain by a +1 short sword of flaming

Illustrated notes

Levels and vault maps discovered:
D:1:      lemuel_arrival_tunnels, layout_rooms, basic_ecumenical_altar,
          corner_web_ring
D:2:      layout_rooms, serial_aquarium, aquarium_bridge_long_separate
          [aquarium_subvault_bridge, aquarium_subvault_balcony,
          aquarium_subvault_bridge, aquarium_subvault_window,
          aquarium_subvault_bridge, aquarium_subvault_bridge],
          aquarium_bridge_square [aquarium_subvault_bridge,
          aquarium_subvault_bridge, aquarium_subvault_wall,
          aquarium_subvault_bridge], aquarium_window_fake, aquarium_window_1,
          aquarium_view_2c, uniq_sigmund
D:3:      layout_basic, demons_altar, mainiacjoe_overflow_chevrons,
          serial_shops, nicolae_shop_waterfront, nicolae_lakefront_shop,
          shop_statue, nicolae_shop_pleasant_corner_grove, minivault_14,
          minmay_misc_feat_plants
D:4:      due_chaos_kobolds, layout_layer_cave, lemuel_crystal_altar,
          minmay_quadrilaterals
D:5:      layout_loops_ring, elyvilon_altar_4,
          nicolae_uskayaw_murder_on_the_dancefloor,
          mainiacjoe_overflow_surrounded_room, uniq_duvessa
D:6:      layout_cave_pools, nicolae_ashenzari_skybound,
          nzn_wu_jian_contemplation, minmay_temple_entry_nine_rooms,
          kennysheep_generic_room_14
D:7:      layout_basic, old_standard_altar, uniq_menkaure
D:8:      layout_basic, lemuel_crystal_altar, lemuel_crystal_altar,
          enter_bailey_5
D:9:      layout_loops_cross, grunt_decor_junction
D:10:     layout_long_grid, old_standard_altar, erik_lair_dragon
D:11:     layout_basic, serial_ice, serial_ice_h, serial_ice_a, serial_ice_o,
          serial_ice_c, serial_ice_d, serial_ice_k, serial_ice_b, serial_ice_e,
          minmay_crystal_water
D:12:     layout_roguey, orc_0_dummy, hellmonk_guarded_unrand_frostbite
D:13:     layout_loops_ring, david_vaults_3, corexii_hall_statues_u, uniq_azrael
D:14:     layout_cave_pods, uniq_snorg
D:15:     grunt_enter_depths_snipers, layout_irregular_city, serial_shops,
          nicolae_shop_peninsula, chequers_garden
Lair:1:   layout_chaotic_city, grunt_forest_large_clearing_hut
Lair:2:   layout_loops_ring, nicolae_spider_entry_non_spiders
Lair:3:   layout_gridlike, elwin_shoals_entry_rooms,
          dreamdust_mushroom_princess, grunt_megastairs_5
Lair:4:   layout_roguey, serial_bayou_pond_d, grunt_megastairs_3
Lair:5:   hellmonk_lair_end_abyssal_woods, layout_small_grid,
          minmay_slime_entry_jelly_boxes
Orc:1:    layout_caves, lightli_orcish_oven
Orc:2:    grunt_orc_community_town_hall, layout_caves,
          grunt_orc_community_big_house_1, grunt_orc_community_big_house_1,
          grunt_orc_community_house_3, grunt_orc_community_house_1,
          grunt_orc_community_house_2, grunt_orc_community_house_1,
          serial_shops, nicolae_shop_trees, uniq_josephine
Elf:1:    minmay_elf_arrival_circle, layout_rooms,
          portal_ice_cave_entry_pillars_three, minmay_elf_sorcery
Elf:2:    elven_hall_of_blades_hangedman_alternative [grunt_blade_entry_basic],
          layout_loops_ring, serial_shops, shop, lemuel_upstairs_altar,
          uniq_zenata
Depths:1: layout_cross, hellmonk_bongcloud_opening, serial_column_ruins,
          column_ruins_portal_island, column_ruins_hut_ruined,
          column_ruins_corridor_corner, column_ruins_columns_dead_end,
          column_ruins_open_tiny, hell_entry, hangedman_decor_opposing,
          hangedman_decor_push, hangedman_abyss_or_decor_passed,
          serial_sigils_hangedman_clutch, nicolae_shop_sticking_my_neck_out

Skill      XL: |  1  2  3  4  5  6  7  8  9 10 11 12 13 14 15 16 17 |
---------------+----------------------------------------------------+-----
Spellcasting   | 5 6 7 8 9 10 11 12 13 | 13.0
Invocations    | 1 2 3 4 5 6 7 8 9 10 11 12 13 | 13.0
Fighting       | 1 2 3 5 6 7 8 9 10 11 12 | 12.0
Short Blades   | 1 2 3 5 6 7 8 9 10 11 12 | 12.0
Long Blades    | 1 2 3 5 6 7 8 9 10 11 12 | 12.0
Axes           | 1 2 3 5 6 7 8 9 10 11 12 | 12.0
Maces & Flails | 1 2 3 5 6 7 8 9 10 11 12 | 12.0
Polearms       | 1 2 3 5 6 7 8 9 10 11 12 | 12.0
Staves         | 1 2 3 5 6 7 8 9 10 11 12 | 12.0
Ranged Weapons | 1 2 3 5 6 7 8 9 10 11 12 | 12.0
Throwing       | 1 2 3 5 6 7 8 9 10 11 12 | 12.0
Armour         | 1 2 3 5 6 7 8 9 10 11 12 | 12.0
Shields        | 1 2 3 5 6 7 8 9 10 11 12 | 12.0
Unarmed Combat | 1 2 3 5 6 7 8 9 10 11 12 | 12.0
Evocations     | 1 2 3 5 6 7 8 9 10 11 12 | 12.0
Conjurations   | 1 2 3 4 5 6 7 8 9 10 | 10.2
Hexes          | 1 2 3 4 5 6 7 8 9 10 | 10.2
Summonings     | 1 2 3 4 5 6 7 8 9 10 | 10.2
Necromancy     | 1 2 3 4 5 6 7 8 9 10 | 10.2
Translocations | 1 2 3 4 5 6 7 8 9 10 | 10.2
Transmutations | 1 2 3 4 5 6 7 8 9 10 | 10.2
Fire Magic     | 1 2 3 4 5 6 7 8 9 10 | 10.2
Air Magic      | 1 2 3 4 5 6 7 8 9 10 | 10.2
Earth Magic    | 1 2 3 4 5 6 7 8 9 10 | 10.2
Poison Magic   | 1 2 3 4 5 6 7 8 9 10 | 10.2
Dodging        | 5 6 7 8 9 10 11 12 | 12.8
Stealth        | 5 6 7 8 9 10 11 12 | 12.7
Ice Magic      | 8 9 10 11 12 | 12.3

Action                     |  1- 3 |  4- 6 |  7- 9 | 10-12 | 13-15 | 16-18 || total
---------------------------+-------+-------+-------+-------+-------+-------++-------
  Melee: Dagger            |    52 |    18 |       |       |       |       ||    70
         Unarmed           |     1 |       |       |       |       |       ||     1
         Bite              |     2 |    17 |    20 |    57 |    78 |    32 ||   206
         Short sword       |       |    71 |     4 |       |       |       ||    75
         Halberd           |       |    47 |       |       |       |       ||    47
         Punch             |       |     1 |     3 |    24 |    21 |    14 ||    63
         Whip              |       |       |   216 |   407 |    77 |    82 ||   782
         Trident           |       |       |       |    13 |       |       ||    13
         Executioner's axe |       |       |       |    16 |   468 |   171 ||   655
         Spear             |       |       |       |     2 |    31 |    32 ||    65
         Staff             |       |       |       |       |    79 |     7 ||    86
  Throw: Dart              |       |       |     2 |    25 |     8 |    19 ||    54
         Javelin           |       |       |       |     2 |     2 |     2 ||     6
         Boomerang         |       |       |       |     1 |       |     2 ||     3
   Cast: Freeze            |    32 |    21 |    23 |    22 |     5 |       ||   103
         Summon Ice Beast  |       |     2 |    10 |    13 |     5 |       ||    30
         Frozen Ramparts   |       |     1 |    17 |    47 |    43 |    36 ||   144
         Ozocubu's Armour  |       |       |    12 |    28 |    41 |    29 ||   110
         Momentum Strike   |       |       |       |    23 |     7 |     2 ||    32
         Summon Lightning  |       |       |       |    12 |     8 |    15 ||    35
         Summon Guardian G |       |       |       |     3 |       |     6 ||     9
         Blink             |       |       |       |     1 |       |       ||     1
         Eringya's Noxious |       |       |       |       |     3 |       ||     3
         Summon Cactus Gia |       |       |       |       |       |    17 ||    17
         Flame Wave        |       |       |       |       |       |     7 ||     7
         Plasma Beam       |       |       |       |       |       |    10 ||    10
 Invoke: Recall Undead Har |       |     1 |       |     1 |     1 |       ||     3
         Dark Bargain      |       |       |       |     2 |     1 |     3 ||     6
         Drain Life        |       |       |       |       |       |     1 ||     1
  Evoke: Wand              |       |     1 |     1 |     1 |     2 |     7 ||    12
    Use: Potion            |       |     3 |       |     5 |     9 |    13 ||    30
         Scroll            |       |       |     4 |    15 |     7 |    15 ||    41
   Stab: Sleeping          |     2 |     5 |    13 |     8 |    11 |     5 ||    44
         Distracted        |       |     2 |     2 |     6 |    13 |     7 ||    30
         Petrifying        |       |       |       |       |     2 |       ||     2
         Petrified         |       |       |       |       |     4 |       ||     4
 Armour: Robe              |    11 |    20 |    37 |    15 |       |       ||    83
         Leather armour    |       |       |       |   169 |   318 |   150 ||   637
         Skin              |       |       |       |       |     6 |       ||     6
  Dodge: Dodged            |    49 |    85 |   136 |   353 |   679 |   365 ||  1667
         Repelled          |       |       |       |       |       |    16 ||    16
  Block: Other             |       |       |       |    21 |    46 |    33 ||   100
